 Dungeon Crawl Stone Soup version 0.18-a0-1405-g73f4075 (webtiles) character file.

2496 brucemayne the Cleaver (level 9, -3/61 HPs)
             Began as a Demonspawn Gladiator on Feb 24, 2016.
             Was an Elder of Makhleb.
             Slain by a troll (13 damage)
             ... on level 9 of the Dungeon.
             The game lasted 00:16:25 (2576 turns).

brucemayne the Cleaver (Demonspawn Gladiator)       Turns: 2576, Time: 00:16:25

Health: -3/61      AC: 12    Str: 19    XL:     9   Next: 28%
Magic:  9/9        EV: 11    Int:  9    God:    Makhleb [****..]
Gold:   279        SH:  6    Dex: 19    Spells: 0 memorised, 8 levels left

rFire  . . .     SeeInvis .     a - +1 war axe
rCold  . . .     Gourm    .     C - +0 plate armour
rNeg   . . .     Faith    .     w - +0 buckler
rPois  .         Spirit   .     c - +1 helmet
rElec  .         Dismiss  .     (no cloak)
rCorr  .         Reflect  .     (no gloves)
SustAt .         Harm     .     (no boots)
MR     .....                    (no amulet)
Stlth  ..........               (no ring)
                                (no ring)

@: agile, not resistant to hostile enchantments, extremely unstealthy
A: hooves 2, powered by death 2, powered by pain 2
a: Minor Destruction, Lesser Servant of Makhleb, Major Destruction, Renounce
Religion


You were on level 9 of the Dungeon.
You worshipped Makhleb.
Makhleb was greatly pleased with you.
You were near starving.

You visited 1 branch of the dungeon, and saw 10 of its levels.

You collected 279 gold pieces.

Inventory:

Hand Weapons
 a - a +1 war axe (weapon)
Missiles
 n - 19 silver bolts
 x - 19 poisoned needles
 B - 6 needles of sleeping
Armour
 b - a +0 leather armour
 c - a +1 helmet (worn)
 k - a +0 ring mail
 v - a +0 hat
 w - a +0 buckler (worn)
 C - a +0 plate armour (worn)
Jewellery
 e - an uncursed ring of ice
Wands
 f - a wand of paralysis (1/24)
 E - a wand of acid (7/15)
Scrolls
 g - a scroll of noise {unknown}
 i - a scroll of fog
 j - 2 scrolls of enchant weapon
 r - 2 scrolls of enchant armour
Potions
 s - a potion of heal wounds {unknown}
 t - a potion of resistance {unknown}
 u - a potion of agility {unknown}
 z - a potion of flight {unknown}
 A - a potion of berserk rage {unknown}
Books
 y - a book of Changes

   Spells                             Type                      Level
   a - Beastly Appendage              Transmutation                1
   b - Sticks to Snakes               Transmutation                2
   c - Spider Form                    Transmutation/Poison         3
   d - Ice Form                       Ice/Transmutation            4
   e - Blade Hands                    Transmutation                5
Comestibles
 h - 4 meat rations


   Skills:
 - Level 2.0 Fighting
 + Level 10.8 Axes
 - Level 1.7 Throwing
 - Level 2.6 Dodging
 - Level 4.4 Shields


You had 8 spell levels left.
You didn't know any spells.

Dungeon Overview and Level Annotations

Branches:
Dungeon (10/15)              Lair (0/8) D:8
 Temple: D:4-7          Orc: D:9-12

Altars:
Cheibriados
Fedhas
Gozag
Makhleb
Qazlal
Sif Muna

Annotations:
D:7 exclusion: 2 downstairs
D:9 exclusion: upstairs


Innate Abilities, Weirdness & Mutations

You have hoof-like feet.
You regenerate health from kills.
You sometimes gain power by taking damage.


Message History

You slash the troll! You kick the troll, but do no damage.
The troll is heavily wounded.
You miss the hungry ghost. You block the hungry ghost's attack.
The troll closely misses you. The troll barely misses you. x2
Unknown command.
Drink which item? (? for menu, Esc to quit)
Okay, then.
Your plate armour prevents you from hitting the troll.
Your kick misses the troll.
The troll is heavily wounded.
You slash the hungry ghost!
The hungry ghost is moderately damaged.
You block the orc warrior's attack. The hungry ghost closely misses you.
Unknown command.
You closely miss the troll. You kick the troll, but do no damage.
The troll is heavily wounded.
You closely miss the hungry ghost.
The hungry ghost is moderately damaged.
The troll bites you!
You die...

#.#.#### #.......).# ###+##
..#.'..# #.........#####....#
#.# ###.##.#
#.<.......'...#....# ...
....##.###.........###.'....#
#.# ###.##...'.รท.......#
###....# ._.
....######.......oo#
#....###.# ##### ########o##
#..o.# ... ####T.# ###'## #.#
#.oW@## #o####.# . ###'####
#......# ..# #....# #.######
....#### #....# #o#
#....###....# #.# #...'...>#
#o# #.###.o..# #.# #.# #..o.#
#.# #.# #.oT.# ##.#


You could see a troll, a hungry ghost, an orc warrior, an orc priest and 2 orcs.

Vanquished Creatures
  A troll (D:9)
  A wyvern (D:9)
  Grum (D:9)
  2 hippogriffs
  2 wolves (D:9)
  Menkaure (D:5)
  A warg (D:8)
  A water moccasin (D:9)
  A sky beast (D:9)
  An ogre (D:5)
  An orc warrior (D:9)
  A centaur (D:6)
  A giant frog (D:9)
  2 scorpions (D:7)
  4 wights (D:10)
  A howler monkey (D:5)
  A crimson imp (D:5)
  A centaur skeleton (D:4)
  A giant frog skeleton (D:5)
  4 orc priests
  2 worker ants (D:7)
  A hound zombie (D:10)
  7 adders
  A shadow imp (D:7)
  2 adder skeletons
  A dart slug (D:1)
  42 orcs
  4 bats
  2 giant cockroaches
  5 goblins
  3 hobgoblins
  5 jackals
  A giant gecko skeleton (D:5)
  6 giant newts
  4 kobolds
  A quokka zombie (D:4)
  6 rats
122 creatures vanquished.

Notes
Turn   | Place    | Note
--------------------------------------------------------------
     0 | D:1      | brucemayne the Demonspawn Gladiator began the quest for the Orb.
     0 | D:1      | Reached XP level 1. HP: 16/16 MP: 1/1
    60 | D:1      | Reached skill level 3 in Axes
    94 | D:1      | Gained mutation: You regenerate a little health from kills. [demonic ancestry]
    94 | D:1      | Reached XP level 2. HP: 6/22 MP: 2/2
   204 | D:2      | Found a blossoming altar of Fedhas.
   214 | D:2      | Found a burning altar of Makhleb.
   214 | D:2      | Found a snail-covered altar of Cheibriados.
   218 | D:2      | Became a worshipper of Makhleb the Destroyer
   348 | D:2      | Reached XP level 3. HP: 27/27 MP: 3/3
   435 | D:2      | Reached skill level 4 in Axes
   443 | D:2      | Reached * piety under Makhleb
   619 | D:4      | Gained mutation: You have large cloven feet. [demonic ancestry]
   619 | D:4      | Reached XP level 4. HP: 33/33 MP: 4/4
   687 | D:4      | Reached skill level 5 in Axes
   735 | D:5      | Entered Level 5 of the Dungeon
   843 | D:5      | Reached XP level 5. HP: 13/38 MP: 5/5
   896 | D:5      | Reached skill level 6 in Axes
   994 | D:5      | Found a deep blue altar of Sif Muna.
  1051 | D:5      | Reached ** piety under Makhleb
  1066 | D:5      | Noticed Menkaure
  1078 | D:5      | Killed Menkaure
  1078 | D:5      | Gained mutation: You sometimes gain a little power by taking damage. [demonic ancestry]
  1078 | D:5      | Reached XP level 6. HP: 24/44 MP: 6/6
  1150 | D:5      | Reached skill level 7 in Axes
  1227 | D:6      | Gained mutation: You sometimes gain power by taking damage. [demonic ancestry]
  1227 | D:6      | Reached XP level 7. HP: 19/50 MP: 7/7
  1450 | D:7      | Reached skill level 8 in Axes
  1782 | D:9      | Found a stormy altar of Qazlal.
  1899 | D:9      | Reached *** piety under Makhleb
  1924 | D:9      | Reached skill level 1 in Shields
  1995 | D:9      | Gained mutation: You have hoof-like feet. [demonic ancestry]
  1995 | D:9      | Reached XP level 8. HP: 42/56 MP: 8/8
  2106 | D:10     | Entered Level 10 of the Dungeon
  2167 | D:10     | Reached skill level 9 in Axes
  2296 | D:9      | Found an opulent altar of Gozag.
  2364 | D:9      | Noticed a troll
  2370 | D:9      | Killed a troll
  2370 | D:9      | Reached skill level 10 in Axes
  2387 | D:9      | Noticed Grum
  2421 | D:9      | Killed Grum
  2421 | D:9      | Gained mutation: You regenerate health from kills. [demonic ancestry]
  2421 | D:9      | Reached XP level 9. HP: 24/61 MP: 9/9
  2511 | D:9      | Reached **** piety under Makhleb
  2514 | D:9      | Noticed a troll
  2572 | D:9      | HP: 2/61 [orc warrior/glaive (20)]
  2576 | D:9      | Slain by a troll

Vault maps used:
D:1:      grunt_arrival_crossed_arrows, minmay_distorted
D:2:      gammafunk_temple_overflow_wave, overflow_temple_1_default,
          bh_walls_and_bars
D:3:      kennysheep_the_goblin_king, tso_metal_star, first_bread, uniq_terence
D:4:      corexii_item_surrounded_by_moat, kennysheep_orc_chapel
D:5:      led_sif_pool, hangedman_decor_riveting, uniq_menkaure
D:6:      gammafunk_pakellas_statue_experiment
D:7:      minmay_opposing_rooms, kennysheep_vampire_church,
          minmay_temple_entry_fiery
D:8:      erik_lair_orcish_takeover
D:9:      nicolae_gozag_cash_rules_everything_around_me, erik_orc_1,
          basic_altar, special_room, uniq_grum

Skill      XL: |  1  2  3  4  5  6  7  8 |
---------------+-------------------------+-----
Axes           | 3 4 5 6 7 8 10 | 10.8
Shields        | 2 4 |  4.4
Fighting       | |  2.0
Throwing       | |  1.7
Dodging        | |  2.6

Action                   |  1- 3 |  4- 6 |  7- 9 || total
-------------------------+-------+-------+-------++-------
Melee: War axe           |    99 |    83 |   274 ||   456
Throw: Throwing net      |     1 |     6 |     1 ||     8
Evoke: Wand              |       |       |    13 ||    13
  Use: Scroll            |       |       |     7 ||     7
       Potion            |       |       |     7 ||     7
 Stab: Held in net/web   |     1 |     2 |       ||     3
       Paralysed         |       |       |    18 ||    18
  Eat: Fruit             |       |     1 |       ||     1
       Bread ration      |       |       |     1 ||     1
